 Dungeon Crawl Stone Soup version 0.29.1-12-g30fa7ad0bf (webtiles) character file.

Game seed: 784661202104706616

5674 hawla the Thaumaturge (level 11, -18/80 (84) HPs)
             Began as a Meteoran Ice Elementalist on Jan 9, 2023.
             Was a Believer of Vehumet.
             Killed from afar by an orc sorcerer (32 damage)
             ... with a bolt of negative energy
             ... on level 2 of the Orcish Mines.
             The game lasted 00:24:14 (4287 turns).

hawla the Thaumaturge (Meteoran Ice Elementalist)   Turns: 4287, Time: 00:24:15

HP:   -18/80 (84)   AC:  5    Str: 10      XL:     11   Next: 24%
MP:   11/25         EV: 15    Int: 16 (22) God:    Vehumet [**....]
Gold: 439           SH:  0    Dex: 16      Spells: 13/29 levels left

rFire   . . .      SeeInvis .   g - +3 mace of Ash {drain, Int+2}
rCold   . . .      Faith    .   u - orb {*channel}
rNeg    . . .      Spirit   .   o - +1 robe {Archmagi}
rPois   .          Reflect  .   x - +0 helmet
rElec   .          Harm     .   (no cloak)
rCorr   .          Rampage  .   v - +0 pair of gloves
Will    +....      Archmagi +   (no boots)
Stlth   +.........              d - amulet of regeneration
HPRegen 1.03/turn               l - +4 ring of slaying
MPRegen 0.19/turn               (no ring)

@: glowing, lightly drained
A: sense surroundings 2, otherworldly, glowing, explore regen
a: Renounce Religion


You were on level 2 of the Orcish Mines.
You worshipped Vehumet.
Vehumet was pleased with you.
You visited 3 branches of the dungeon, and saw 12 of its levels.

You collected 1459 gold pieces.
You spent 1020 gold pieces at shops.

Inventory:

Hand Weapons
 g - the +3 mace of Ash (weapon) {drain, Int+2}
   (You found it on level 4 of the Dungeon)

   A truly terrible weapon, it drains the life of any living foe it strikes.
   Int:       It affects your intelligence (+2).
Armour
 o - a +1 robe of the Archmagi (worn)
 u - an orb of energy (worn)
 v - a +0 pair of gloves (worn)
 x - a +0 helmet (worn)
Jewellery
 d - an amulet of regeneration (around neck)
 l - a +4 ring of slaying (left hand)
Wands
 f - a wand of iceblast (10) (quivered)
 t - a wand of polymorph (14)
Scrolls
 c - 2 scrolls of magic mapping
 e - 2 scrolls of fog
 h - a scroll of silence
 r - a scroll of enchant weapon
Potions
 b - 3 potions of magic
 i - 2 potions of flight
 k - a potion of haste
 m - 2 potions of invisibility {unknown}
 s - a potion of brilliance {unknown}
 w - a potion of might {unknown}


   Skills:
 + Level 4.2 Fighting
 + Level 6.3 Maces & Flails
 + Level 6.2 Dodging
 - Level 1.4 Stealth
 + Level 9.7 Spellcasting
 + Level 6.6 Conjurations
 + Level 3.5 Necromancy
 + Level 8.8 Ice Magic
 + Level 2.0 Air Magic
 + Level 6.0 Evocations


You had 13 spell levels left.
You knew the following spells:

 Your Spells              Type           Power      Damage    Failure   Level
a - Freeze                Ice            100%       1d11      1%          1
b - Frozen Ramparts       Ice            100%       1d16      1%          3
c - Hailstorm             Conj/Ice       48%        3d11      3%          4
d - Vampiric Draining     Necr           28%        2d8       7%          3
e - Freezing Cloud        Conj/Ice/Air   19%        6-21      24%         5

Your spell library contained the following spells:

 Spells                   Type           Power      Damage    Failure   Level
 Magic Dart               Conj           100%       1d8       1%          1
 Ozocubu's Armour         Ice            53%        N/A       1%          3
 Necrotise                Necr           100%       1d9       2%          1
 Mephitic Cloud           Conj/Pois/Air  25%        N/A       9%          3
 Ice Form                 Ice/Tmut       33%        N/A       16%         4
 Summon Ice Beast         Ice/Summ       33%        N/A       16%         4
 Ignite Poison            Fire/Tmut/Pois 11%        N/A       28%         3
 Agony                    Necr           28%        N/A       52%         5
 Irradiate                Conj/Tmut      13%        3d16      54%         5
 Blade Hands              Tmut           5%         N/A       95%         5
 Dragon Form              Tmut           5%         N/A       100%        7


Dungeon Overview and Level Annotations

Branches:
Dungeon (9/15) Zot: 1627   Temple (1/1) D:6 Zot: 406     Orc (2/2) D:9 Zot: 869
   Lair: D:8-11         Elf: Orc:2

Altars:
Ashenzari
Cheibriados
Dithmenos
Elyvilon
Fedhas
Gozag
Kikubaaqudgha
Makhleb
Nemelex Xobeh
Okawaru
Qazlal
Ru
Trog
Uskayaw
Vehumet
Wu Jian
Xom
Yredelemnul
Zin
The Shining One

Shops:
D:9 :


Innate Abilities, Weirdness & Mutations

You passively map the area around you.
You are easily found by Zot.
You glow in the dark.
You regain HP and MP as you explore.


Message History

A cannonade of hail descends around you!
The hail pelts the orc sorcerer!
The orc sorcerer is almost dead.
The hail pelts the orc priest!
The orc priest is almost dead.
You feel uncomfortable.
You feel dopey.
Unknown command.
Casting: Hailstorm (dangerous; 3% risk of failure)
Confirm with . or Enter, or press ? or * to list all spells.
Aiming: Freeze (safe; 1% risk of failure)
Press: ? - help, Shift-Dir - straight line, f - orc sorcerer
Aim: an orc sorcerer, wielding a +0 dagger and wearing a +0 robe (severely wounded)
You feel a surge of power!
You freeze the orc sorcerer.
The orc sorcerer is almost dead.
Unknown command.
Casting: Freeze (safe; 1% risk of failure)
Confirm with . or Enter, or press ? or * to list all spells.
Casting: Hailstorm (dangerous; 3% risk of failure)
Press: ? - help, Dir - look around, f - activate You feel a surge of power!
A cannonade of hail descends around you!
The hail pelts the orc priest!!
You kill the orc priest!
Vehumet accepts your kill.
The orc sorcerer gestures at you while chanting.
The bolt of fire hits you!!
* * * LOW HITPOINT WARNING * * *
The orc priest looks encouraged for a moment.
Unknown command.
Casting: Hailstorm (dangerous; 3% risk of failure)
Confirm with . or Enter, or press ? or * to list all spells.
Aiming: Freeze (safe; 1% risk of failure)
Press: ? - help, Shift-Dir - straight line, f - orc priest
Aim: an orc priest, wielding a +0 dagger and wearing a +1 ring mail of poison resistance (severely wounded)
You feel a surge of power!
You freeze the orc priest.
The orc priest is almost dead.
The orc sorcerer casts a spell at you. The bolt of negative energy hits you!!
You feel drained.
You die...

,, , #..# ##.... *
.......## ,, ##..... * *
. .......## #......
..#.......## #....... *
,,
,......##...##*##..##....
,
............###..##.....
,
.............#..........
,
,.......)................
,
.....)o@..#.........)#..
,
...§§§.o................
* *
...§§○..................
,,, ,
*#..○§§§.................
, ,
..........<.............
*
........................
*
##......................
##.....................
###.#.#####.#.....#.#.


You could see an orc sorcerer and an orc priest.

Vanquished Creatures
  2 unseen horror zombies (D:9)
  2 trolls
  2 yaks (D:9)
  Menkaure (D:5)
  2 water moccasins
  9 orc warriors
  An ice beast (D:5)
  3 ogres
  3 centaurs
  2 scorpions
  6 killer bees (D:9)
  8 howler monkeys
  A crimson imp (D:4)
  3 hounds (D:5)
  2 jellies
  7 orc priests
  A gnoll bouda (D:8)
  2 iguanas
  11 orc wizards
  A howler monkey zombie (D:9)
  8 gnolls
  10 adders
  2 white imps
  A worm (D:5)
  31 orcs
  3 bats
  An endoplasm (D:4)
  3 hobgoblins (D:4)
  3 kobolds
  A quokka (D:4)
  5 ball pythons
  5 goblins
  A rat (D:2)
143 creatures vanquished.

Vanquished Creatures (collateral kills)
  3 unseen horror zombies (D:9)
  A yak (D:9)
  2 centaur zombies (D:9)
  A howler monkey zombie (D:9)
7 creatures vanquished.

Grand Total: 150 creatures vanquished

Notes
Turn   | Place    | Note
-------+----------+-------------------------------------------
     0 | D:1      | hawla the Meteoran Ice Elementalist began the quest for the
                  | Orb.
     0 | D:1      | Reached XP level 1. HP: 14/14 MP: 5/5
   128 | D:2      | Found a faded altar of an unknown god.
   143 | D:2      | Reached XP level 2. HP: 13/20 MP: 2/6
   313 | D:2      | Reached skill level 3 in Spellcasting
   313 | D:2      | Reached XP level 3. HP: 11/26 MP: 6/8
   321 | D:2      | Reached skill level 5 in Ice Magic
   334 | D:3      | Found a glowing silver altar of Zin.
   356 | D:3      | Found a stormy altar of Qazlal.
   382 | D:3      | Learned a level 3 spell: Frozen Ramparts
   489 | D:4      | Identified the +3 mace of Ash {drain, Int+2}
   549 | D:4      | Reached XP level 4. HP: 33/33 MP: 10/10
   554 | D:4      | Learned a level 4 spell: Hailstorm
   621 | D:4      | Reached skill level 1 in Conjurations
   646 | D:4      | Reached XP level 5. HP: 20/38 MP: 9/11
   718 | D:4      | Found a burning altar of Makhleb.
   718 | D:4      | Found a shimmering altar of Xom.
   754 | D:4      | Reached XP level 6. HP: 37/45 MP: 3/12
   810 | D:4      | Reached skill level 5 in Conjurations
  1127 | D:5      | Entered Level 5 of the Dungeon
  1141 | D:5      | Noticed Menkaure
  1154 | D:5      | HP: 1/45 [Menkaure (8)]
  1160 | D:5      | Killed Menkaure
  1161 | D:5      | Reached skill level 1 in Maces & Flails
  1161 | D:5      | Reached XP level 7. HP: 9/51 MP: 13/13
  1175 | D:5      | Found a sacrificial altar of Ru.
  1180 | D:5      | Reached skill level 1 in Fighting
  1213 | D:5      | Reached skill level 4 in Spellcasting
  1247 | D:5      | Noticed a water moccasin
  1252 | D:5      | Killed a water moccasin
  1275 | D:5      | Reached XP level 8. HP: 22/61 MP: 12/16
  1704 | D:5      | Reached skill level 5 in Spellcasting
  1933 | D:6      | Found a broken altar of Ashenzari.
  1993 | D:6      | Reached skill level 1 in Evocations
  2151 | D:6      | Reached skill level 6 in Spellcasting
  2283 | D:6      | Found a staircase to the Ecumenical Temple.
  2291 | Temple   | Entered the Ecumenical Temple
  2455 | Temple   | Became a worshipper of Vehumet
  2539 | D:7      | Gained mutation: You passively map the area around you.
                  | [Meteoran growth]
  2539 | D:7      | Reached XP level 9. HP: 52/67 MP: 14/19
  2762 | D:8      | Reached skill level 7 in Spellcasting
  2841 | D:8      | Found a white marble altar of Elyvilon.
  3200 | D:8      | Found a bloodstained altar of Trog.
  3209 | D:8      | Reached skill level 5 in Evocations
  3251 | D:9      | Reached * piety under Vehumet
  3251 | D:9      | Offered knowledge of Sandblast by Vehumet.
  3259 | D:9      | Reached XP level 10. HP: 55/74 MP: 12/22
  3263 | D:9      | Found a staircase to the Orcish Mines.
  3275 | D:9      | Learned a level 3 spell: Vampiric Draining
  3298 | Orc:1    | Entered Level 1 of the Orcish Mines
  3422 | Orc:2    | Entered Level 2 of the Orcish Mines
  3533 | D:9      | Reached skill level 1 in Necromancy
  3557 | D:9      | Identified the +8 flail of Disarray {spect, *Noise rN+
                  | Int+3 Dex+2 Stlth+}
  3653 | D:9      | Found a blossoming altar of Fedhas.
  3674 | D:9      | Found Idemnakk's Book Emporium.
  3685 | D:9      | Reached skill level 8 in Spellcasting
  3717 | D:9      | Reached skill level 5 in Maces & Flails
  3723 | D:9      | Reached skill level 5 in Dodging
  3733 | D:9      | Reached skill level 9 in Spellcasting
  3761 | D:9      | Found a basalt altar of Yredelemnul.
  3774 | D:9      | Identified a scroll of acquirement
  3774 | D:9      | Acquired 826 gold pieces
  3793 | D:9      | Reached XP level 11. HP: 24/83 MP: 14/25
  3929 | D:9      | Bought a book of Transfigurations for 600 gold pieces
  3929 | D:9      | Bought a Trismegistus Codex for 420 gold pieces
  3935 | D:9      | Learned a level 5 spell: Freezing Cloud
  4102 | Orc:1    | Offered knowledge of Magic Dart by Vehumet.
  4115 | Orc:1    | Reached skill level 1 in Air Magic
  4159 | Orc:1    | Reached ** piety under Vehumet
  4197 | Orc:1    | You fall into a shaft and drop 1 floor!
  4279 | Orc:2    | Noticed an orc sorcerer
  4287 | Orc:2    | Killed from afar by an orc sorcerer

Illustrated notes

Levels and vault maps discovered:
D:1:      mrwooster_arrival_statue_2, layout_rooms, serial_curves,
          eino_curves_04, eino_curves_01
D:2:      minmay_diamond_boxcup, layout_loops_ring,
          hellmonk_ecumenical_altar_zigzags, corexii_item_surrounded_by_moat,
          kennysheep_generic_room_14
D:3:      layout_rooms, mainiacjoe_overflow_concentric_impassable,
          mainiacjoe_overflow_tiny_flanked, ebering_ghost_sewer_d
D:4:      minmay_evil_eye, layout_gridville,
          grunt_temple_overflow_champion_of_chaos
D:5:      layout_gridville, old_standard_altar, uniq_menkaure
D:6:      layout_basic, led_sif_pool, old_standard_altar,
          minmay_temple_entry_glassed_door
D:7:      layout_loops_ring, mainiacjoe_overflow_brackets, serial_shops,
          kennysheep_little_box, grunt_ministairs_3, dk_noncrumbling_2,
          kennysheep_generic_room_6
D:8:      layout_basic, trog_antimagical, elyvilon_altar_5
D:9:      layout_roguey, nicolae_yredelemnul_corpse_copse, lemuel_doored_altar,
          david_orc_3, serial_shops, shop
Temple:   nicolae_temple_bog_church
Orc:1:    layout_caves
Orc:2:    pf_orc_diabolical, layout_caves

Skill      XL: |  1  2  3  4  5  6  7  8  9 10 11 |
---------------+----------------------------------+-----
Spellcasting   | 3 4 6 7 9 |  9.7
Ice Magic      | 5 6 7 8 |  8.8
Dodging        | 3 4 5 6 |  6.2
Conjurations   | 3 4 5 6 |  6.6
Maces & Flails | 1 3 4 6 |  6.3
Fighting       | 1 2 3 4 |  4.2
Evocations     | 2 6 |  6.0
Necromancy     | 3 |  3.5
Air Magic      | 2 |  2.0
Stealth        | |  1.4

Action                   |  1- 3 |  4- 6 |  7- 9 | 10-12 || total
-------------------------+-------+-------+-------+-------++-------
Melee: Unarmed           |     1 |       |       |       ||     1
       Mace              |     2 |    50 |    57 |    46 ||   155
       Punch             |       |     1 |     2 |       ||     3
 Cast: Freeze            |    20 |     8 |    24 |     9 ||    61
       Frozen Ramparts   |     1 |     4 |    23 |     4 ||    32
       Hailstorm         |       |     1 |    22 |    26 ||    49
       Freezing Cloud    |       |       |       |     5 ||     5
  Use: Scroll            |     5 |     2 |     5 |     4 ||    16
       Potion            |       |     6 |       |     6 ||    12
Armor: Robe              |     7 |    13 |    14 |    11 ||    45
       Skin              |       |       |       |    25 ||    25
Dodge: Dodged            |    11 |    44 |    67 |    78 ||   200
